 Dungeon Crawl Stone Soup version 0.19-a0-1013-g40768a3 (webtiles) character file.

336 4thArraOfDagon the Chopper (level 6, -2/55 HPs)
             Began as a Hill Orc Monk on July 24, 2016.
             Slain by a giant frog skeleton (4 damage)
             ... on level 8 of the Dungeon.
             The game lasted 00:05:47 (1103 turns).

4thArraOfDagon the Chopper (Hill Orc Monk)          Turns: 1103, Time: 00:05:47

Health: -2/55      AC:  7    Str: 14    XL:     6   Next: 54%
Magic:  6/6        EV: 11    Int: 12    God:
Gold:   155        SH:  0    Dex: 13    Spells: 0 memorised, 5 levels left

rFire  . . .     SeeInvis .     a - +0 hand axe
rCold  . . .     Gourm    .     d - +0 scale mail
rNeg   . . .     Faith    .     (no shield)
rPois  .         Spirit   .     (no helmet)
rElec  .         Dismiss  .     n - +0 cloak
rCorr  +         Reflect  .     (no gloves)
SustAt .         Harm     .     (no boots)
MR     .....     Clarity  +     (no amulet)
Stlth  ..........               (no ring)
                                i - ring of resist corrosion

@: lethally poisoned (-2 -> -12), not resistant to hostile enchantments,
extremely unstealthy
A: berserk 1, clarity, deterioration 1, regeneration 1, wild magic 1
a: no special abilities


You were on level 8 of the Dungeon.
You were not hungry.

You visited 1 branch of the dungeon, and saw 8 of its levels.

You collected 155 gold pieces.

Inventory:

Hand Weapons
 a - a +0 hand axe (weapon)
Armour
 b - a +0 robe
 d - a +0 scale mail (worn)
 f - a +0 chain mail
 l - a +0 helmet
 n - a +0 cloak (worn)
Jewellery
 i - a ring of resist corrosion (left hand)
Wands
 q - a wand of iceblast (9/15)
Scrolls
 g - a scroll of teleportation {unknown}
 h - 2 scrolls of fog
 j - a scroll of remove curse
 k - a scroll of identify {unknown}
 o - a scroll of blinking
 p - a scroll of magic mapping {unknown}
Potions
 e - a potion of flight
 m - a potion of curing
Comestibles
 c - 2 bread rations
 r - a chunk of flesh


   Skills:
 + Level 4.8 Fighting
 * Level 6.5 Axes
 + Level 2.3 Armour
 * Level 3.8 Dodging
 - Level 1.5 Stealth


You had 5 spell levels left.
You didn't know any spells.

Dungeon Overview and Level Annotations

Branches:
Dungeon (8/15)
 Temple: D:4-7         Lair: D:8-11

Altars:
Ru

Annotations:
D:3 Gagarin's ghost, amateur CeHu
D:7 Dowan; Duvessa
D:8 Prince Ribbit


Innate Abilities, Weirdness & Mutations

You tend to lose your temper in combat.
You possess an exceptional clarity of mind.
Your body sometimes deteriorates upon taking damage.
Your natural rate of healing is unusually fast.
Your spells are a little harder to cast, but a little more powerful.


Message History

Unknown command.
You feel sick. Prince Ribbit hits you.
The kobold shoots a poisoned needle.
The poisoned needle barely misses you.
The poisoned needle barely misses the kobold.
Unknown command.
You feel sick.
The kobold throws a stone.
The stone barely misses you. Prince Ribbit hits you!
Unknown command.
You feel sick.
Prince Ribbit hops awkwardly around.
Prince Ribbit hits you!
* * * LOW HITPOINT WARNING * * *
The kobold hits you.
* * * LOW HITPOINT WARNING * * *
Prince Ribbit closely misses you.
* * * LOW HITPOINT WARNING * * *
You feel sick. The kobold hits you.
* * * LOW HITPOINT WARNING * * *
Prince Ribbit blinks!
The giant frog skeleton hits you.
You die...

#...###.#(##.#
#..>..F.#(...#
#...#####((#.######
#...((............#
#.........(.......#
#.......K.........#
#........§K.......#
####......ZKK(....#
#......@.......#
#(.............#
#......<.......#
#..F...........
#..............
#..............
#..............
###############


You could see Prince Ribbit, 4 kobolds and a giant frog skeleton.

Vanquished Creatures
  A big kobold (D:8)
  A howler monkey (D:4)
  A hound (D:8)
  A giant frog skeleton (D:4)
  An orc priest (D:6)
  An orc wizard (D:3)
  2 worker ants
  A howler monkey skeleton (D:4)
  An ooze (D:3)
  An adder skeleton (D:8)
  A dart slug (D:3)
  3 giant geckos
  12 orcs
  3 giant cockroaches (D:4)
  4 goblins (D:1)
  2 hobgoblins (D:1)
  A jackal (D:4)
  5 kobolds
  A quokka (D:3)
  A bat (D:3)
  A giant newt (D:1)
45 creatures vanquished.

Notes
Turn   | Place    | Note
-------+----------+-------------------------------------------
     0 | D:1      | 4thArraOfDagon the Hill Orc Monk began the quest for the Orb.
     0 | D:1      | Reached XP level 1. HP: 19/19 MP: 1/1
   157 | D:1      | Reached XP level 2. HP: 18/27 MP: 2/2
   397 | D:3      | Reached XP level 3. HP: 31/33 MP: 3/3
   407 | D:3      | Found a sacrificial altar of Ru.
   477 | D:3      | Reached XP level 4. HP: 21/40 MP: 4/4
   538 | D:3      | Noticed Gagarin's ghost (amateur CeHu)
   578 | D:4      | Reached skill level 5 in Axes
   578 | D:4      | Reached skill level 1 in Armour
   614 | D:4      | Reached XP level 5. HP: 12/47 MP: 5/5
   729 | D:5      | Entered Level 5 of the Dungeon
   859 | D:7      | Noticed Duvessa
   860 | D:7      | Noticed Dowan
   865 | D:7      | Noticed a hippogriff
   868 | D:7      | Gained mutation: Your spells are a little harder to cast, but a little more powerful. [potion of mutation]
   868 | D:7      | Gained mutation: Your natural rate of healing is unusually fast. [potion of mutation]
   868 | D:7      | Gained mutation: Your body sometimes deteriorates upon taking damage. [potion of mutation]
   947 | D:8      | Gained mutation: You tend to lose your temper in combat. [potion of mutation]
   947 | D:8      | Gained mutation: You possess an exceptional clarity of mind. [potion of mutation]
   965 | D:8      | Reached skill level 6 in Axes
   965 | D:8      | Reached XP level 6. HP: 17/53 MP: 6/6
  1085 | D:8      | Noticed Prince Ribbit
  1103 | D:8      | HP: 2/55 [kobold (2)]
  1103 | D:8      | Slain by a giant frog skeleton

Vault maps used:
D:1:      scummos_arrival_checkerplants
D:2:      first_bread, hangedman_decor_diamond_cutter
D:3:      lemuel_doored_altar, nicolae_ru_the_path_less_chosen, uniq_terence
D:5:      patterned_corridor
D:6:      minmay_misc_feat_tower
D:7:      grunt_livestock, uniq_pikel, uniq_duvessa
D:8:      uniq_prince_ribbit1

Skill      XL: |  1  2  3  4  5 |
---------------+----------------+-----
Fighting       | 4 |  4.8
Dodging        | 3 |  3.8
Axes           | 5 6 |  6.5
Armour         | 1 2 |  2.3
Stealth        | |  1.5

Action                   |  1- 3 |  4- 6 || total
-------------------------+-------+-------++-------
Melee: Hand axe          |    93 |   171 ||   264
  Use: Scroll            |     1 |     3 ||     4
       Potion            |       |     7 ||     7
  Eat: Chunk             |       |     1 ||     1
Armor: Scale mail        |    45 |    95 ||   140
       Robe              |     1 |       ||     1
Dodge: Dodged            |    44 |   109 ||   153
